AoeStats
← Kanto

Arena

510604459Analyzed
3v3 RM · 23h ago on Oct 1, 2026· 61m 23s· 6 players
Game mode
Random Map
Map size
Normal (6 player)
Population
200
Speed
Normal
Resources
Standard
Victory
Conquest
Starting age
Dark Age
Ending age
Imperial Age
RankedLock teamsTeams togetherTeam positionsShared explorationLock speedFull tech treeHidden civsTurbo modeCheats
Victory
Defeat
🇩🇪 Goths · Germany
857
+13
🇮🇳 Burmese · India
848
+34
🇺🇸 Vikings · United States
823
+14
🇮🇹 Wei · Italy
809
-14
🇮🇹 Cumans · Italy
809
-14
🇮🇹 Goths · Italy
780
-13
ben00mon
1:21 Loom
12:02 Feudal Age
17:12 Castle Age
16:03 Man-at-Arms
17:36 Forging
37:35 Wheelbarrow
40:22 Pikeman
41:14 Long Swordsman
48:17 Hand Cart
48:19 Stone Mining
48:16 Horse Collar
49:14 Town Watch
50:02 Scale Mail Armor
55:33 Imperial Age
53:56 Squires
55:38 Anarchy
56:39 Perfusion
57:04 Elite Huskarl
57:33 Two-Handed Swordsman
60:39 Halberdier
Kanto
11:03 Feudal Age
11:05 Loom
14:47 Castle Age
12:39 Horse Collar
18:14 Wheelbarrow
22:57 Scale Barding Armor
23:38 Stone Mining
23:38 Gold Mining
25:19 Hand Cart
26:18 Gold Mining
27:08 Heavy Plow
30:41 Imperial Age
28:36 Gambesons
28:51 Squires
28:56 Scale Mail Armor
29:17 Town Watch
29:46 Forging
29:54 Chain Mail Armor
29:33 Fletching
29:46 Pikeman
31:07 Iron Casting
31:29 Gold Shaft Mining
31:46 Conscription
31:50 Arson
32:39 Plate Mail Armor
32:05 Man-at-Arms
32:08 Halberdier
33:02 Long Swordsman
34:16 Two-Handed Swordsman
35:07 Champion
38:11 Town Patrol
39:13 Fortified Wall
40:27 Blast Furnace
39:24 Bodkin Arrow
40:44 Masonry
40:29 Murder Holes
41:44 Bracer
43:55 Architecture
43:06 Treadmill Crane
44:27 Chemistry
44:51 Chain Barding Armor
45:13 Howdah
46:52 Plate Barding Armor
46:32 Bloodlines
46:23 Husbandry
46:27 Elite Battle Elephant
47:30 Ballistics
60:35 Manipur Cavalry
henry j.waternoose
11:34 Feudal Age
18:28 Castle Age
16:39 Double-Bit Axe
17:20 Gold Mining
17:20 Horse Collar
20:29 Forging
29:29 Heavy Plow
29:22 Town Watch
32:44 Gold Shaft Mining
32:30 Squires
34:29 Fletching
35:01 Pikeman
40:37 Imperial Age
38:12 Scale Mail Armor
38:11 Bodkin Arrow
39:11 Stone Mining
42:15 Conscription
45:57 Iron Casting
44:58 Elite Varangian Guard
45:31 Elite Skirmisher
47:05 Chain Mail Armor
48:06 Elite Berserk
52:38 Caravan
55:31 Crop Rotation
56:18 Chieftains
DanieleRC
12:15 Feudal Age
31:08 Castle Age
30:54 Scale Barding Armor
30:59 Forging
33:21 Chain Barding Armor
33:37 Iron Casting
33:23 Double-Bit Axe
33:20 Horse Collar
36:26 Stone Mining
36:27 Gold Mining
36:16 Capped Ram
38:38 Wheelbarrow
37:48 Loom
42:21 Imperial Age
42:39 Onager
44:48 Cavalier
47:07 Siege Onager
49:42 Light Cavalry
50:46 Light Cavalry
52:15 Bloodlines
52:28 Hussar
58:38 Siege Ram
61:05 Pikeman
61:45 Squires
ARGON32
5:49 Loom
14:43 Feudal Age
14:53 Man-at-Arms
18:00 Forging
18:27 Scale Mail Armor
23:07 Horse Collar
23:18 Double-Bit Axe
26:01 Wheelbarrow
25:15 Town Watch
30:10 Castle Age
30:27 Long Swordsman
31:44 Iron Casting
33:24 Squires
34:43 Gold Mining
38:48 Chain Mail Armor
38:48 Fletching
41:53 Bodkin Arrow
47:45 Imperial Age
47:52 Two-Handed Swordsman
49:35 Blast Furnace
49:31 Champion
50:18 Murder Holes
51:48 Conscription
52:44 Hand Cart
54:03 Heavy Scorpion
freakon
12:37 Feudal Age
17:07 Castle Age
15:01 Double-Bit Axe
15:00 Horse Collar
17:12 Scale Barding Armor
18:11 Bloodlines
18:04 Husbandry
19:06 Forging
21:02 Wheelbarrow
23:55 Chain Barding Armor
27:58 Iron Casting
28:32 Hand Cart
28:05 Town Watch
34:46 Imperial Age
34:44 Caravan
34:48 Crossbowman
35:34 Thumb Ring
35:23 Fletching
35:38 Town Patrol
36:56 Chemistry
38:19 Parthian Tactics
40:13 Ming Guang Armor
40:09 Conscription
41:11 Bodkin Arrow
41:17 Padded Archer Armor
42:18 Blast Furnace
44:52 Elite Tiger Cavalry
46:33 Heavy Hei Guang Cavalry
Connection lost

Rejoining the realm…

Still unreachable

The connection could not be restored.

Session expired

The server has moved on; the page needs a fresh start.